 Dungeon Sprint DCSS version 0.17-a0-1850-g688e747 (webtiles) character file.

1174 luca467 the Martial Artist (level 8, -15/69 HPs)
             Began as a Demonspawn Monk on Sept 18, 2015.
             Was a High Priest of Jiyva.
             Demolished by a centaur warrior (16 damage)
             ... in the Dungeon (Sprint I: "Red Sonja").
             The game lasted 00:08:54 (607 turns).

luca467 the Martial Artist (Demonspawn Monk)         Turns: 607, Time: 00:08:54

Health: -15/69     AC:  5    Str: 12    XL:     8   Next: 18%
Magic:  8/8        EV: 18    Int: 12    God:    Jiyva [*****.]
Gold:   349        SH:  3    Dex: 17    Spells: 0 memorised, 7 levels left

rFire  . . .     SeeInvis .       - Unarmed
rCold  . . .     Clarity  .     a - +0 robe
rNeg   . . .     SustAt   .     (no shield)
rPois  .         Gourm    .     (no helmet)
rElec  .         Spirit   .     (no cloak)
rCorr  +         Warding  .     (no gloves)
rMut   .         NoTele   +     (no boots)
MR     .....                    (no amulet)
Stlth  ++++......               (no ring)
                                (no ring)

@: not resistant to hostile enchantments, stealthy
A: claws 2, large bone plates 2, powered by death 1, eyeballs 1, tendrils
a: Request Jelly, Jelly Paralyse, Slimify, Cure Bad Mutation, Renounce Religion


You were in the Dungeon.
You worshipped Jiyva.
Jiyva was extremely pleased with you.
You were full.

You visited 1 branch You collected 459 gold pieces.
You spent 110 gold pieces at shops.

Inventory:

Armour
 a - a +0 robe (worn)
Scrolls
 h - a scroll of blinking
Potions
 c - a potion of curing
 e - a potion of haste
 f - 3 potions of magic
 g - a potion of berserk rage
 k - a potion of agility {unknown}
 l - a potion of lignification
Comestibles
 b - a bread ration


   Skills:
 + Level 8.7 Fighting
 + Level 8.0 Dodging
 + Level 8.3 Stealth
 * Level 11.0 Unarmed Combat


You had 7 spell levels left.
You didn't know any spells.

Dungeon Overview and Level Annotations

Branches:
Dungeon (1/1)

Altars:
Cheibriados
Dithmenos
Elyvilon
Fedhas
Gozag
Kikubaaqudgha
Makhleb
Nemelex Xobeh
Okawaru
Qazlal
Ru
Sif Muna
Trog
Vehumet
Xom
Yredelemnul
Zin
The Shining One
Jiyva

Shops:
D !


Innate Abilities, Weirdness & Mutations

You have very sharp fingernails.
You are mostly covered in large bone plates (AC +3, SH +3).
You regenerate a little health from kills.
Your body is partially covered in golden eyeballs (Acc +3).
You are covered in slimy tendrils that may disarm your opponents.


Message History

The centaur warrior shoots an arrow of frost.
The arrow of frost misses you.
You hear a splash.
Unknown command.
The centaur warrior shoots an arrow.
The arrow hits you!
You hear a splash.
You see here an arrow.
The centaur warrior shoots an arrow.
The arrow hits you!
* * * LOW HITPOINT WARNING * * *
You hear a splash.
The centaur warrior unwields an uncursed longbow.
The centaur warrior hits you!
* * * LOW HITPOINT WARNING * * *
The centaur warrior unwields an uncursed shortbow.
The centaur warrior barely misses you. The centaur warrior closely misses you.
You see here an arrow.
The centaur warrior hits you.
* * * LOW HITPOINT WARNING * * *
The centaur warrior hits you!
You die...

######################
#<.#..'..#..'..#__#..+
#..'..#..'..#..J.....#
#..#####'#####'#__####
#..####..#...#.####$§#
#..#__####..##§#(§≈§.#
#..#_..__##'#§§@c§§..+
#⌠⌠#_.∩...'...§#c§≈..#
####_..._##_.#'##+####
#_____###'#.#
#########.### +...+
#...# ##.## #+#


You could see 2 centaur warriors.

Vanquished Creatures
  Sonja (D)
  A slime creature (D)
  Sigmund (D)
  A yak (D)
  An ogre (D)
  A jelly (D)
  Ijyb (D)
7 creatures vanquished.

Notes
Turn   | Place    | Note
--------------------------------------------------------------
     0 | D        | luca467 the Demonspawn Monk began the quest for the Orb.
     0 | D        | Reached XP level 1. HP: 18/18 MP: 1/1
     1 | D        | Noticed Ijyb
    14 | D        | Killed Ijyb
    14 | D        | Reached skill level 5 in Unarmed Combat
    14 | D        | Gained mutation: You regenerate a little health from kills. [demonic ancestry]
    14 | D        | Reached XP level 2. HP: 11/25 MP: 2/2
   198 | D        | Noticed an ogre
   210 | D        | Killed an ogre
   210 | D        | Reached skill level 5 in Fighting
   210 | D        | Reached skill level 6 in Unarmed Combat
   210 | D        | Gained mutation: You have sharp fingernails. [demonic ancestry]
   210 | D        | Reached XP level 3. HP: 30/33 MP: 3/3
   210 | D        | Gained mutation: You are partially covered in large bone plates (AC +2, SH +2). [demonic ancestry]
   210 | D        | Reached XP level 4. HP: 35/39 MP: 4/4
   229 | D        | Noticed Sigmund
   232 | D        | Killed Sigmund
   232 | D        | Reached skill level 5 in Dodging
   232 | D        | Reached skill level 5 in Stealth
   232 | D        | Reached skill level 8 in Unarmed Combat
   232 | D        | Gained mutation: You are mostly covered in large bone plates (AC +3, SH +3). [demonic ancestry]
   232 | D        | Reached XP level 5. HP: 44/46 MP: 5/5
   265 | D        | Found a deep blue altar of Sif Muna.
   266 | D        | Noticed a jelly
   267 | D        | Found a radiant altar of Vehumet.
   272 | D        | Killed a jelly
   272 | D        | Reached XP level 6. HP: 45/53 MP: 6/6
   289 | D        | Found Evitinod's Distillery.
   289 | D        | Found a white marble altar of Elyvilon.
   289 | D        | Found a stormy altar of Qazlal.
   289 | D        | Found a basalt altar of Yredelemnul.
   289 | D        | Found an iron altar of Okawaru.
   289 | D        | Found a sparkling altar of Nemelex Xobeh.
   289 | D        | Found a shimmering altar of Xom.
   289 | D        | Found an ancient bone altar of Kikubaaqudgha.
   289 | D        | Noticed a yak
   292 | D        | Found a burning altar of Makhleb.
   292 | D        | Found a sacrificial altar of Ru.
   292 | D        | Found a glowing golden altar of the Shining One.
   292 | D        | Found an opulent altar of Gozag.
   292 | D        | Found a glowing silver altar of Zin.
   298 | D        | Killed a yak
   298 | D        | Reached skill level 9 in Unarmed Combat
   299 | D        | Found a bloodstained altar of Trog.
   318 | D        | Bought a potion of lignification for 30 gold pieces
   318 | D        | Bought a potion of curing for 30 gold pieces
   318 | D        | Bought a potion of heal wounds for 50 gold pieces
   326 | D        | Noticed Sonja
   348 | D        | Killed Sonja
   348 | D        | Reached skill level 10 in Unarmed Combat
   348 | D        | Reached XP level 7. HP: 43/63 MP: 7/7
   348 | D        | Gained mutation: You have very sharp fingernails. [demonic ancestry]
   348 | D        | Reached XP level 8. HP: 47/69 MP: 8/8
   481 | D        | Found a viscous altar of Jiyva.
   481 | D        | Found a blossoming altar of Fedhas.
   481 | D        | Noticed a slime creature
   482 | D        | Found a snail-covered altar of Cheibriados.
   482 | D        | Found a shadowy altar of Dithmenos.
   489 | D        | Killed a slime creature
   489 | D        | Reached skill level 11 in Unarmed Combat
   548 | D        | Became a worshipper of Jiyva Jiularoi the Shapeless
   548 | D        | Acquired Jiyva's first power
   548 | D        | Acquired Jiyva's second power
   565 | D        | Gained mutation: You are covered in slimy tendrils that may disarm your opponents. [Jiyva's grace]
   565 | D        | Acquired Jiyva's third power
   572 | D        | Gained mutation: Your body is partially covered in golden eyeballs (Acc +3). [Jiyva's grace]
   587 | D        | Acquired Jiyva's fourth power
   597 | D        | Noticed a centaur warrior
   597 | D        | Noticed a centaur warrior
   607 | D        | HP: 1/69 [centaur warrior (6)]
   607 | D        | Demolished by a centaur warrior

Vault maps used:
D:        dungeon_sprint_1

Action                   |  1- 3 |  4- 6 |  7- 9 || total
-------------------------+-------+-------+-------++-------
Melee: Unarmed           |    18 |    23 |     8 ||    49
  Use: Potion            |       |     3 |       ||     3
 Stab: Sleeping          |       |     3 |       ||     3
